 Dungeon Crawl Stone Soup version 0.29.1-1-gd02db6906a (webtiles) character file.

Game seed: 10903035201595312535

25 Ofeo the Ducker (level 3, 25/25 HPs)
             Began as a Djinni Fire Elementalist on Sept 17, 2022.
             Quit the game on level 1 of the Dungeon.
             The game lasted 00:02:09 (2431 turns).

Ofeo the Ducker (Djinni Fire Elementalist)          Turns: 2431, Time: 00:02:10

Health: 25/25      AC:  2    Str:  7    XL:     3   Next: 20%
Gold:   33         EV: 12    Int: 18    God:
                   SH:  0    Dex: 13

rFire   + + .      SeeInvis .   (no weapon)
rCold   x . .      Faith    .   (no shield)
rNeg    . . .      Spirit   .   a - +0 robe
rPois   ∞          Reflect  .   (no helmet)
rElec   .          Harm     .   (no cloak)
rCorr   .          Rampage  .   (no gloves)
Will    .....                   (boots unavailable)
Stlth   ++........              (no amulet)
HPRegen 0.08/turn               (no ring)
MPRegen 0.00/turn               (no ring)

@: flying
A: sickness immunity, fire resistance 2, cold vulnerability 1, float, innate
caster, HP casting, extra vitality 1
a: no special abilities


You were on level 1 of the Dungeon.
You visited 1 branch of the dungeon, and saw 1 of its levels.

You collected 33 gold pieces.

Inventory:

Armour
 a - a +0 robe (worn)
Scrolls
 b - a scroll of fog {unknown}
 c - a scroll of enchant weapon {unknown}
 d - a scroll of poison {unknown}
 e - a scroll of torment {unknown}
 g - a scroll of magic mapping {unknown}
Potions
 f - 2 potions of haste {unknown}


   Skills:
 + Level 2.8 Dodging
 + Level 2.1 Stealth
 + Level 2.7 Spellcasting


You couldn't memorise any spells.
You knew the following spells:

 Your Spells              Type           Power      Damage    Failure   Level
a - Foxfire               Conj/Fire      48%        2x1d6     5%          1
b - Scorch                Fire           24%        2d6       9%          2
c - Conjure Flame         Conj/Fire      12%        6-21      16%         3
d - Inner Flame           Hex/Fire       12%        N/A       16%         3
e - Flame Wave            Conj/Fire      12%        2d6       47%         4
f - Apportation           Tloc           24%        N/A       5%          1
Your spell library was empty.

Dungeon Overview and Level Annotations

Branches:
Dungeon (1/15)

Altars:


Innate Abilities, Weirdness & Mutations

You are immune to sickness and miasma.
You are immune to poison.
Your flesh is very heat resistant. (rF++)
You are vulnerable to cold. (rC-)
You float through the air rather than walking.
You learn spells naturally, not from books.
Your magical power is your life essence.
You have superior vitality. (+4 MHP)


Message History

a +0 short sword; a kobold corpse
Things that are here:
a +0 short sword; a kobold corpse Key pressed, stopping explore.
There is an open door here.
There is a stone staircase leading down here.
There is an open door here.
You reach down and open the door.
There is an open door here.
You reach down and open the door.
There is an open door here.
There is an open door here.
A bat comes into view.
Health restored: 25 A bat is nearby!
A bat is nearby!
A bat is nearby!
A bat is nearby!
You conjure some foxfire!
You take 1 damage, and have 24/25 hp.
You conjure some foxfire!
The foxfire hits the bat.
The bat is heavily wounded.
The foxfire hits the bat.
You kill the bat!
You take 1 damage, and have 23/25 hp.
Your foxfire dissipates!
Your foxfire dissipates!
You see here a bat corpse.
You see here a bat corpse.
There is an open door here.
You reach down and open the door.
There is an open door here.
There is an open door here.
Key pressed, stopping explore.
There is an open door here.
There is an open door here.
Done exploring.
Health restored: 25 Done exploring.
Are you sure you want to abandon this character and quit the game? (Confirm with "yes".)

#.###############.
#.# #.# ## #.# #.#
## #.# #.# #. #.#
#.# ## #.# #.# #.#
#.# #.####.#
#@.....# ########


There were no monsters in sight!

Vanquished Creatures
  4 ball pythons (D:1)
  3 bats (D:1)
  A goblin (D:1)
  A hobgoblin (D:1)
  6 jackals (D:1)
  2 quokkas (D:1)
  A frilled lizard (D:1)
  A kobold (D:1)
  A rat (D:1)
20 creatures vanquished.

Vanquished Creatures (others)
  57 foxfires (D:1)
57 creatures vanquished.

Grand Total: 77 creatures vanquished

Notes
Turn   | Place    | Note
-------+----------+-------------------------------------------
     0 | D:1      | Ofeo the Djinni Fire Elementalist began the quest for the
                  | Orb.
     0 | D:1      | Ofeo set off with the following spells memorised: Foxfire,
                  | Scorch, Conjure Flame, Inner Flame, Flame Wave.
     0 | D:1      | Reached XP level 1. HP: 15/15 MP: 0/0
   913 | D:1      | Reached XP level 2. HP: 19/21 MP: 0/0
  1587 | D:1      | Reached XP level 3. HP: 15/25 MP: 0/0
  1587 | D:1      | Learned a level 1 spell: Apportation
  2431 | D:1      | Quit the game

Illustrated notes

Levels and vault maps discovered:
D:1:      nzn_arrival_settlement, layout_basic, serial_co_window_serial,
          co_window_paths_a, co_window_corner_a, co_window_of_opportunity_a,
          co_window_paths_b, co_window_paths_a, co_window_of_opportunity_b,
          co_window_broadway_c, co_window_2corner, co_window_corner_b,
          co_window_broadway_a, co_window_corner_cb, co_window_corner_b,
          co_window_paths_d, glass_columns_c, glass_columns_c, glass_columns_c,
          glass_columns_b, glass_columns_a

Skill      XL: |  1  2 |
---------------+-------+-----
Stealth        | 2 |  2.1
Dodging        | |  2.8
Spellcasting   | |  2.7

Action                   || total
-------------------------++-------
Melee: Unarmed           ||    18
 Cast: Foxfire           ||    40
Armor: Robe              ||     8
Dodge: Dodged            ||    22
